APP
GREENEVILLE ASTROS @ PRINCETON RAYS
09/03/2047
 
TOP OF THE 1ST
Greeneville Astros batting - Pitching for Princeton Rays : RHP Cole Roome
Pitching: RHP Cole Roome
Batting: RHB Omar Amaya 0-0: Ball
1-0: Ball
2-0: Foul Ball, location: 2F
2-1: Foul Ball, location: 2F
2-2: Fly out, F7 (Flyball, 7LD, EV 95.6 MPH)
Batting: RHB Gabe Allen 0-0: Foul Ball, location: 2F
0-1: Ball
1-1: Ball
2-1: Swinging Strike
2-2: Foul Ball, location: 2F
2-2: Foul Ball, location: 2F
2-2: Foul Ball, location: 2F
2-2: Strikes out swinging
Batting: RHB Drew Coleman 0-0: Swinging Strike
0-1: Ball
1-1: Fly out, F8 (Flyball, 8RS, EV 84.4 MPH)
Top of the 1st over - 0 runs, 0 hits, 0 errors, 0 left on base; Greeneville 0 - Princeton 0
BOTTOM OF THE 1ST
Princeton Rays batting - Pitching for Greeneville Astros : LHP Manny Muniz
Pitching: LHP Manny Muniz
Batting: SHB Joshua Jackson 0-0: Ball
1-0: Ball
2-0: Called Strike
2-1: Ball
3-1: Base on Balls
Batting: RHB Alex Koral 0-0: Swinging Strike
0-1: Ball
Joshua Jackson steals 2nd, throwing error, E2
Joshua Jackson to third
1-1: Ball
2-1: Ball
Wild Pitch!
Joshua Jackson scores
3-1: Base on Balls
Batting: RHB Adam Turpin 0-0: Fly out, F9 (Flyball, 9D, EV 89.4 MPH)
Batting: RHB Jason Penfield 0-0: Ball
1-0: Fly out, F7 (Flyball, 78S, EV 89.4 MPH)
Batting: RHB Alex Zamora 0-0: Ball
1-0: Called Strike
Alex Koral steals 2nd base
1-1: Ball
2-1: Fly out, F8 (Flyball, 8RS, EV 85.0 MPH)
Bottom of the 1st over - 1 run, 0 hits, 1 error, 1 left on base; Greeneville 0 - Princeton 1
TOP OF THE 2ND
Greeneville Astros batting - Pitching for Princeton Rays : RHP Cole Roome
Batting: RHB Russ Greer 0-0: Ground out 1-3 (Groundball, 34S, EV 70.6 MPH)
Batting: RHB Leo Lopez 0-0: Swinging Strike
0-1: Foul Ball, location: 2F
0-2: Strikes out swinging, 2-3 out at first.
Batting: LHB Guadalupe Gonzalez 0-0: Called Strike
0-1: Foul Ball, location: 2F
0-2: DOUBLE (Line Drive, 78D, EV 106.9 MPH)
Batting: RHB Roger Pelley 0-0: Called Strike
0-1: Ball
1-1: Ground out 5-3 (Groundball, 56, EV 80.6 MPH)
Top of the 2nd over - 0 runs, 1 hit, 0 errors, 1 left on base; Greeneville 0 - Princeton 1
BOTTOM OF THE 2ND
Princeton Rays batting - Pitching for Greeneville Astros : LHP Manny Muniz
Batting: RHB Roberto Aispuro 0-0: Called Strike
0-1: Ball
1-1: Ground out 4-3 (Groundball, 4, EV 103.1 MPH)
Batting: SHB Luis Verduzco 0-0: Called Strike
0-1: Ball
1-1: Ball
2-1: Swinging Strike
2-2: Fly out, F9 (Flyball, 9, EV 90.0 MPH)
Batting: RHB Wan-ling Zhu 0-0: Called Strike
0-1: Ball
1-1: Ball
2-1: Fly out, F2 (Popup, 23F, EV 83.1 MPH)
Bottom of the 2nd over - 0 runs, 0 hits, 0 errors, 0 left on base; Greeneville 0 - Princeton 1
TOP OF THE 3RD
Greeneville Astros batting - Pitching for Princeton Rays : RHP Cole Roome
Batting: RHB Fernando Acosta 0-0: SINGLE (Groundball, 25, EV 68.8 MPH) (infield hit)
Batting: RHB Nick Hernandes 0-0: Ball
1-0: Ball
2-0: Ball
3-0: Base on Balls
Fernando Acosta to second
Batting: RHB Omar Amaya 0-0: Fielders Choice at 2nd, 5-4 (Groundball, 56S, EV 81.2 MPH)
Fernando Acosta to third
Batting: RHB Gabe Allen 0-0: Called Strike
0-1: Foul Ball, location: 2F
0-2: Foul Ball, location: 2F
0-2: Ball
1-2: Ball
2-2: Foul Ball, location: 2F
2-2: Strikes out looking
Batting: RHB Drew Coleman 0-0: Fielders Choice at 2nd, 4-6 (Groundball, 4MD, EV 85.6 MPH)
Top of the 3rd over - 0 runs, 1 hit, 0 errors, 2 left on base; Greeneville 0 - Princeton 1
BOTTOM OF THE 3RD
Princeton Rays batting - Pitching for Greeneville Astros : LHP Manny Muniz
Batting: RHB Bogumil Filipowski 0-0: Called Strike
0-1: Swinging Strike
0-2: Ball
1-2: Ball
2-2: Strikes out swinging
Batting: SHB Joshua Jackson 0-0: Ball
1-0: Ball
2-0: Called Strike
2-1: Ball
3-1: Called Strike
3-2: Foul Ball, location: 2F
3-2: Foul Ball, location: 2F
3-2: Strikes out looking
Batting: RHB Alex Koral 0-0: Ball
1-0: Ball
2-0: Ball
3-0: Base on Balls
Batting: RHB Adam Turpin 0-0: Ball
1-0: Foul Ball, location: 2F
1-1: Foul Ball, location: 2F
1-2: Ball
2-2: DOUBLE (Groundball, 5L, EV 100.6 MPH)
Alex Koral to third
Batting: RHB Jason Penfield 0-0: Ball
1-0: Ball
2-0: Ball
3-0: Base on Balls
Batting: RHB Alex Zamora 0-0: Foul Ball, location: 2F
0-1: Ball
1-1: Ball
2-1: Swinging Strike
2-2: Ball
3-2: Base on Balls
Alex Koral scores
Adam Turpin to third
Jason Penfield to second
Pitching: RHP Ernie Bell
Batting: RHB Roberto Aispuro 0-0: Ball
1-0: Fly out, F7 (Flyball, 78M, EV 74.4 MPH)
Bottom of the 3rd over - 1 run, 1 hit, 0 errors, 3 left on base; Greeneville 0 - Princeton 2
TOP OF THE 4TH
Greeneville Astros batting - Pitching for Princeton Rays : RHP Cole Roome
Batting: RHB Russ Greer 0-0: Called Strike
0-1: Fly out, F9 (Line Drive, 9S, EV 108.8 MPH)
Batting: RHB Leo Lopez 0-0: DOUBLE (Line Drive, 89D, EV 110.6 MPH)
Pinch Runner at 2nd Devon Healy:
Batting: LHB Guadalupe Gonzalez 0-0: Ball
1-0: Ball
2-0: Ground out 6-3 (Groundball, 6M, EV 115.0 MPH)
Devon Healy to third
Batting: RHB Roger Pelley 0-0: Called Strike
0-1: Foul Ball, location: 2F
0-2: Ball
1-2: Ball
2-2: 2-RUN HOME RUN (Flyball, 78XD, EV 106.9 MPH), Distance : 399 ft
Batting: RHB Fernando Acosta 0-0: Ball
1-0: Ball
2-0: Ball
3-0: Base on Balls
Batting: RHB Nick Hernandes 0-0: Fly out, F9 (Flyball, 9, EV 91.2 MPH)
Top of the 4th over - 2 runs, 2 hits, 0 errors, 1 left on base; Greeneville 2 - Princeton 2
BOTTOM OF THE 4TH
Princeton Rays batting - Pitching for Greeneville Astros : RHP Ernie Bell
Now at 1B: Devon Healy
Batting: SHB Luis Verduzco 0-0: SINGLE (Groundball, 56D, EV 96.2 MPH) (infield hit)
Batting: RHB Wan-ling Zhu 0-0: Swinging Strike
0-1: Ball
1-1: Called Strike
1-2: Strikes out swinging
Batting: RHB Bogumil Filipowski 0-0: Ball
Luis Verduzco is caught stealing 2nd base 2-4
1-0: Ball
2-0: Swinging Strike
2-1: Ball
3-1: Swinging Strike
3-2: Foul Ball, location: 2F
3-2: Foul Ball, location: 2F
3-2: Foul Ball, location: 2F
3-2: Base on Balls
Batting: SHB Joshua Jackson 0-0: Ball
1-0: Ball
2-0: Ball
3-0: Called Strike
3-1: Base on Balls
Bogumil Filipowski to second
Pitching: RHP Marty Jackson
Batting: RHB Alex Koral 0-0: Ball
1-0: Ball
2-0: Ball
3-0: Base on Balls
Bogumil Filipowski to third
Joshua Jackson to second
Batting: RHB Adam Turpin 0-0: Ball
1-0: Called Strike
1-1: DOUBLE (Flyball, 89D, EV 100.6 MPH)
Bogumil Filipowski scores
Joshua Jackson scores
Alex Koral to third
Runner from 3rd tries for Home, throw by CF and OUT! 8-4-2
Bottom of the 4th over - 2 runs, 2 hits, 0 errors, 1 left on base; Greeneville 2 - Princeton 4
TOP OF THE 5TH
Greeneville Astros batting - Pitching for Princeton Rays : RHP Cole Roome
Batting: RHB Omar Amaya 0-0: Ball
1-0: Ball
2-0: SINGLE (Groundball, 56S, EV 70.0 MPH) (infield hit)
Batting: RHB Gabe Allen 0-0: Ball
1-0: Swinging Strike
1-1: SINGLE (Groundball, 56D, EV 103.8 MPH)
Omar Amaya to second
Batting: RHB Drew Coleman 0-0: DOUBLE (Groundball, 3L, EV 110.6 MPH)
Omar Amaya scores
Gabe Allen to third
Batting: RHB Russ Greer 0-0: Called Strike
0-1: Ball
1-1: Foul Ball, location: 2F
1-2: Ball
2-2: Foul Ball, location: 2F
2-2: Ball
3-2: Strikes out swinging
Batting: RHB Devon Healy 0-0: Foul Ball, location: 2F
0-1: Ball
Wild Pitch!
Gabe Allen scores
Drew Coleman to third
1-1: Ball
2-1: Fly out, F8 (Flyball, 8LM, EV 81.9 MPH)
Runner from 3rd tags up, OUT at HOME! 8-2
Top of the 5th over - 2 runs, 3 hits, 0 errors, 0 left on base; Greeneville 4 - Princeton 4
BOTTOM OF THE 5TH
Princeton Rays batting - Pitching for Greeneville Astros : RHP Marty Jackson
Batting: RHB Jason Penfield 0-0: Ball
1-0: Ball
2-0: Ball
3-0: Called Strike
3-1: Foul Ball, location: 2F
3-2: Base on Balls
Batting: RHB Alex Zamora 0-0: Ball
1-0: Ball
2-0: Foul Ball, location: 2F
2-1: Called Strike
Jason Penfield steals 2nd, throwing error, E2
Jason Penfield to third
2-2: Ball
3-2: Foul Ball, location: 2F
3-2: Base on Balls
Pitching: RHP Max Warburton
Batting: RHB Roberto Aispuro 0-0: Grounds into double play, 5-4-3 (Groundball, 56, EV 83.8 MPH)
Jason Penfield scores
Batting: SHB Luis Verduzco 0-0: Swinging Strike
0-1: Ball
1-1: Foul Ball, location: 2F
1-2: Strikes out swinging
Bottom of the 5th over - 1 run, 0 hits, 1 error, 0 left on base; Greeneville 4 - Princeton 5
TOP OF THE 6TH
Greeneville Astros batting - Pitching for Princeton Rays : RHP Cole Roome
Batting: LHB Guadalupe Gonzalez 0-0: Called Strike
0-1: Ball
1-1: Ground out 5-3 (Groundball, 5, EV 100.0 MPH)
Batting: RHB Roger Pelley 0-0: Swinging Strike
0-1: Reached on error, E5 (Groundball, 56S, EV 87.5 MPH)
Batting: RHB Fernando Acosta 0-0: Ball
1-0: Foul Ball, location: 2F
1-1: Ball
2-1: TRIPLE (Flyball, 9LD, EV 90.0 MPH)
Roger Pelley scores
Batting: RHB Nick Hernandes 0-0: Ground out 6-3 (Groundball, 6MS, EV 67.5 MPH)
Batting: RHB Omar Amaya 0-0: Single, Error in OF, E7, batter to second base (Line Drive, 7S, EV 106.2 MPH)
Fernando Acosta scores
Pitching: RHP J.P. Tesauro
Batting: RHB Gabe Allen 0-0: Ball
1-0: Fly out, F8 (Line Drive, 8RM, EV 89.4 MPH)
Top of the 6th over - 2 runs, 2 hits, 2 errors, 1 left on base; Greeneville 6 - Princeton 5
BOTTOM OF THE 6TH
Princeton Rays batting - Pitching for Greeneville Astros : RHP Max Warburton
Pinch Hitting: SHB Ray Luna 0-0: Ball
1-0: Called Strike
1-1: DOUBLE (Line Drive, 7LM, EV 111.2 MPH)
Batting: RHB Bogumil Filipowski 0-0: Ball
1-0: Called Strike
1-1: Ball
2-1: Foul Ball, location: 2F
2-2: Strikes out looking
Batting: SHB Joshua Jackson 0-0: Ball
1-0: Swinging Strike
1-1: Ball
Passed Ball!
Ray Luna to third
2-1: Ground out U3 (Groundball, 34S, EV 85.0 MPH)
Pinch Hitting: LHB Dave Northam 0-0: Foul Ball, location: 2F
0-1: Ball
1-1: Ball
2-1: Ball
3-1: 2-RUN HOME RUN (Flyball, 9D, EV 95.0 MPH), Distance : 380 ft
Pitching: RHP James Browning
Batting: RHB Adam Turpin 0-0: Ball
1-0: Reached on error, E6 (Groundball, 6, EV 108.1 MPH)
Batting: RHB Jason Penfield 0-0: Called Strike
0-1: Ball
1-1: Fielders Choice at 2nd, 5-4 (Groundball, 56, EV 81.2 MPH)
Bottom of the 6th over - 2 runs, 2 hits, 1 error, 1 left on base; Greeneville 6 - Princeton 7
TOP OF THE 7TH
Greeneville Astros batting - Pitching for Princeton Rays : RHP J.P. Tesauro
Now at 2B: Dave Northam
Now at SS: Jim Erdody
Batting: RHB Drew Coleman 0-0: Ball
1-0: Ball
2-0: Ball
3-0: Base on Balls
Batting: RHB Russ Greer 0-0: Called Strike
0-1: Ball
1-1: Ball
2-1: SINGLE (Line Drive, 7S, EV 103.1 MPH)
Drew Coleman to second
Batting: RHB Devon Healy 0-0: Ball
1-0: Called Strike
1-1: Foul Ball, location: 2F
1-2: Strikes out swinging
Pinch Hitting: RHB Hugo Priego 0-0: Ball
1-0: Ball
2-0: Ball
3-0: Swinging Strike
3-1: Base on Balls
Drew Coleman to third
Russ Greer to second
Pinch Hitting: LHB Ryan Fridley 0-0: Ball
1-0: Ball
2-0: Called Strike
2-1: Ball
3-1: Base on Balls
Drew Coleman scores
Russ Greer to third
Hugo Priego to second
Batting: RHB Fernando Acosta 0-0: Ball
1-0: SINGLE (Groundball, 56, EV 106.2 MPH)
Russ Greer scores
Hugo Priego to third
Ryan Fridley to second
Batting: RHB Nick Hernandes 0-0: Called Strike
0-1: Ball
1-1: Swinging Strike
1-2: Foul Ball, location: 2F
1-2: Foul Ball, location: 2F
1-2: Strikes out swinging
Batting: RHB Omar Amaya 0-0: Called Strike
0-1: Ball
1-1: Swinging Strike
1-2: Ball
2-2: Ball
3-2: Fly out, F6 (Popup, 6MD, EV 45.6 MPH)
Top of the 7th over - 2 runs, 2 hits, 0 errors, 3 left on base; Greeneville 8 - Princeton 7
BOTTOM OF THE 7TH
Princeton Rays batting - Pitching for Greeneville Astros : RHP James Browning
Now in LF: Ryan Fridley
Now in RF: Gong Tow
Batting: RHB Alex Zamora 0-0: Ball
1-0: Ball
2-0: Called Strike
2-1: Ball
3-1: Foul Ball, location: 2F
3-2: Foul Ball, location: 2F
3-2: Base on Balls
Batting: RHB Roberto Aispuro 0-0: Ball
1-0: Bunt missed!
1-1: Ball
2-1: Bunt missed!
2-2: Ball
3-2: Base on Balls
Alex Zamora to second
Pitching: LHP Jason Mitchell
Batting: SHB Luis Verduzco 0-0: Reached on error, E3 (Groundball, 3S, EV 43.8 MPH)
Alex Zamora scores
Roberto Aispuro to third
Batting: RHB Jim Erdody 0-0: Called Strike
0-1: Ground out 4-3 (Groundball, P, EV 86.2 MPH)
Batting: RHB Bogumil Filipowski 0-0: Called Strike
0-1: Ball
1-1: Called Strike
1-2: Strikes out swinging
Batting: SHB Joshua Jackson 0-0: Foul Ball, location: 2F
0-1: Ball
Wild Pitch!
Roberto Aispuro scores
Luis Verduzco to third
1-1: Foul Ball, location: 2F
1-2: Ball
2-2: Strikes out swinging
Bottom of the 7th over - 2 runs, 0 hits, 1 error, 1 left on base; Greeneville 8 - Princeton 9
TOP OF THE 8TH
Greeneville Astros batting - Pitching for Princeton Rays : RHP J.P. Tesauro
Now in LF: Sean Boenig
Now in CF: Roberto Aispuro
Now in RF: Luis Verduzco
Batting: RHB Gabe Allen 0-0: Ball
1-0: Foul Ball, location: 2F
1-1: Called Strike
1-2: Strikes out swinging
Batting: RHB Drew Coleman 0-0: Ball
1-0: Called Strike
1-1: Called Strike
1-2: Foul Ball, location: 2F
1-2: Strikes out looking
Batting: RHB Russ Greer 0-0: Called Strike
0-1: Swinging Strike
0-2: SINGLE (Line Drive, 8LS, EV 95.0 MPH)
Pitching: RHP Mike Balm
Batting: RHB Devon Healy 0-0: Called Strike
0-1: Ball
1-1: Ball
2-1: Ball
3-1: Foul Ball, location: 2F
3-2: Strikes out swinging
Top of the 8th over - 0 runs, 1 hit, 0 errors, 1 left on base; Greeneville 8 - Princeton 9
BOTTOM OF THE 8TH
Princeton Rays batting - Pitching for Greeneville Astros : LHP Jason Mitchell
Batting: LHB Dave Northam 0-0: Called Strike
0-1: Swinging Strike
0-2: Ball
1-2: Strikes out swinging
Batting: LHB Sean Boenig 0-0: Called Strike
0-1: Swinging Strike
0-2: Ball
1-2: Strikes out swinging
Batting: RHB Jason Penfield 0-0: Ball
1-0: Ground out 5-3 (Groundball, 5, EV 93.1 MPH)
Bottom of the 8th over - 0 runs, 0 hits, 0 errors, 0 left on base; Greeneville 8 - Princeton 9
TOP OF THE 9TH
Greeneville Astros batting - Pitching for Princeton Rays : RHP Mike Balm
Pinch Hitting: RHB Yoshitoshi Mori 0-0: Ball
1-0: Ball
2-0: Ball
3-0: Called Strike
3-1: Base on Balls
Batting: LHB Ryan Fridley 0-0: Ball
1-0: Ball
2-0: Called Strike
2-1: Ball
3-1: Base on Balls
Yoshitoshi Mori to second
Batting: RHB Fernando Acosta 0-0: Ground out U3 (Groundball, 34S, EV 90.6 MPH)
Yoshitoshi Mori to third
Ryan Fridley to second
Batting: RHB Nick Hernandes 0-0: Ball
1-0: Called Strike
1-1: Foul Ball, location: 2F
1-2: Strikes out swinging
Batting: RHB Omar Amaya 0-0: Intentional Walk
Batting: RHB Gabe Allen 0-0: Called Strike
0-1: Ball
1-1: Ball
2-1: Fly out, F8 (Flyball, 8LD, EV 101.2 MPH)
Top of the 9th over - 0 runs, 0 hits, 0 errors, 3 left on base; Greeneville 8 - Princeton 9
Thursday, December 15th , 2022 - OOTP Baseball 23.9 Build 102